 Dungeon Crawl Stone Soup version 0.31.0-9-g3a7656b989 (webtiles) character file.

Game seed: 4703524834062046868

73 qw the Shooter (level 4, -10/22 HPs)
             Began as a Spriggan Hunter on Feb 2, 2024.
             Mangled by a black bear (12 damage)
             ... on level 5 of the Dungeon.
             The game lasted 00:00:06 (1602 turns).

qw the Shooter (Spriggan Hunter)                    Turns: 1602, Time: 00:00:07

Health: -10/22     AC:  2    Str:  7    XL:     4   Next: 8%
Magic:  5/5        EV: 24    Int: 10    God:
Gold:   92         SH:  0    Dex: 20    Spells: 3/3 levels left

rFire   . . .        a - +0 shortbow
rCold   . . .        (shield currently unavailable)
rNeg    . . .        c - +0 robe
rPois   .            (helmet restricted)
rElec   .            (no cloak)
rCorr   .            (gloves unavailable)
SInv    +            (boots unavailable)
Will    .....        (no amulet)
Stlth   ++           f - +5 ring of evasion
HPRegen 0.23/turn    (no ring)
MPRegen 0.09/turn

%: no passive effects
@: very quick
A: very small, no large weapons, unfitting armour, see invisible, speed 3
a: no special abilities


You were on level 5 of the Dungeon.
You visited 1 branch of the dungeon, and saw 4 of its levels.

You collected 92 gold pieces.


Innate Abilities, Weirdness & Mutations

You are very small and have problems with some larger weapons.
You are too small for most types of armour.
You have supernaturally acute eyesight. (SInv)
You cover ground extremely quickly. (Speed+++)


   Skills:
 - Level 1.5 Fighting
 - Level 5.0 Ranged Weapons
 + Level 4.4 Dodging
 - Level 1.5 Stealth


You had 3 spell levels left.
You didn't know any spells.
Your spell library was empty.

Inventory:

Hand Weapons
 a - a +0 shortbow (weapon)
Armour
 c - a +0 robe (worn)
Jewellery
 f - a +5 ring of evasion (left hand)
Scrolls
 d - 4 scrolls of identify
 h - 4 scrolls of enchant armour
Potions
 b - a potion of invisibility {unknown}
 e - a potion of curing {unknown}
 g - 2 potions of lignification {unknown}

Dungeon Overview and Level Annotations

Branches:
Dungeon (3/15)

Altars:
The Shining One

Annotations:
D:5 qw's ghost, novice SpHu


Message History

Found a glowing golden altar of the Shining One.
The white imp shouts, "Away with thee, thou tottering ill-breeding bite-bait!"
A kobold skeleton comes into view.
You shoot an arrow.
The arrow hits the black bear but does no damage.
The black bear growls angrily.
You shoot an arrow. The arrow hits the black bear!
The black bear is moderately wounded.
A hobgoblin zombie comes into view.
A kobold zombie comes into view.
You shoot an arrow. The arrow hits the black bear.
The black bear is heavily wounded.
A black bear comes into view.
1593 ||| RETREEEEATING.
An orc zombie comes into view.
Qw's ghost stares at you.
1594 ||| RETREEEEATING.
Found a book of the Wilderness.
1595 ||| RETREEEEATING.
You shoot an arrow. The arrow hits the black bear!
The black bear is severely wounded.
The black bear misses you. The black bear claws you. The black bear misses you.
The white imp closely misses you. The hobgoblin zombie misses you.
You shoot an arrow. The arrow hits the black bear.
The black bear is severely wounded.
The black bear misses you. The black bear claws you. The black bear misses you.
The white imp gestures at you. The puff of frost misses you.
The hobgoblin zombie misses you.
You shoot an arrow. The arrow hits the black bear.
The black bear is almost dead.
The black bear goes berserk!
The white imp hits you. The white imp freezes you.
1599 ||| RETREEEEATING.
Found a blackened bronze ring.
The black bear attacks as it pursues you!
The black bear misses you. The black bear barely misses you.
The black bear claws you.
1600 ||| RETREEEEATING.
1601 ||| RETREEEEATING.
1602 ||| RETREEEEATING.
The black bear attacks as it pursues you!
The black bear bites you!
Ouch! That really hurt!
You die...

###### ..... ....
#...# .#+ #...# ....
##...##
#.....#.....#
+.._..+...#@#
##.....##..#h######
#.......#.Z.........
##h)+.Z.Z..#########
..#....#h.5#....
.................
...........#..:..
...#.#....##=....
.........## ....


You could see a black bear (berserk) and a white imp.

Vanquished Creatures
  2 adders
  A ribbon worm (D:2)
  5 ball pythons
  4 endoplasms
  4 giant cockroaches
  5 goblins
  3 hobgoblins
  3 jackals (D:1)
  5 quokkas (D:1)
  3 bats
  A frilled lizard (D:2)
  A goblin skeleton (D:5)
  A hobgoblin zombie (D:5)
  6 kobolds
  A kobold skeleton (D:5)
  An orc zombie (D:5)
  4 rats
50 creatures vanquished.

Notes
Turn   | Place    | Note
-------+----------+-------------------------------------------
     0 | D:1      | qw the Spriggan Hunter began the quest for the Orb.
     0 | D:1      | Reached XP level 1. HP: 10/10 MP: 2/2
     0 | D:1      | 0 ||| qw: Version: 0.3-a-155-g5e7d8dd
     0 | D:1      | 0 ||| qw: Game counter: 2258
     0 | D:1      | 0 ||| qw: Melee chars always use a shield: true
     0 | D:1      | 0 ||| qw: God list: Okawaru
     0 | D:1      | 0 ||| qw: Allow faded altars: false
     0 | D:1      | 0 ||| qw: Do Orc after clearing Dungeon:15 true
     0 | D:1      | 0 ||| qw: Do second Lair branch before Depths: true
     0 | D:1      | 0 ||| qw: Lair rune preference: random
     0 | D:1      | 0 ||| qw: Goals: Normal
     0 | D:1      | 0 ||| PLANNING D:1-11
    43 | D:1      | Reached skill level 3 in Dodging
   155 | D:1      | Reached XP level 2. HP: 14/14 MP: 3/3
   690 | D:1      | 690 ||| UPGRADING to +5 ring of evasion.
   691 | D:1      | 691 ||| READING scroll labelled VAUREGR GAMMESK.
   691 | D:1      | 691 ||| IDENTIFYING scroll labelled JYESSO BAST
   692 | D:1      | 692 ||| READING scroll labelled XIW YLUFIMOPNE.
   692 | D:1      | 692 ||| ENCHANTING +0 shortbow.
   693 | D:1      | 693 ||| DROPPING scroll of butterflies.
   694 | D:1      | 694 ||| DROPPING scroll of summoning.
   730 | D:2      | 730 ||| STAIRDANCE
   746 | D:1      | Reached XP level 3. HP: 13/18 MP: 4/4
   992 | D:2      | Reached skill level 5 in Ranged Weapons
  1262 | D:2      | Reached XP level 4. HP: 21/22 MP: 5/5
  1465 | D:2      | 1465 ||| READING scroll labelled JEKIBA CUZANN.
  1486 | D:3      | 1486 ||| PLANNING SEWER
  1566 | D:3      | You fall into a shaft and drop 2 floors!
  1566 | D:5      | Entered Level 5 of the Dungeon
  1582 | D:5      | Noticed qw's ghost (novice SpHu)
  1589 | D:5      | Found a glowing golden altar of the Shining One.
  1589 | D:5      | Noticed a black bear
  1592 | D:5      | Noticed a black bear
  1593 | D:5      | 1593 ||| RETREEEEATING.
  1594 | D:5      | 1594 ||| RETREEEEATING.
  1595 | D:5      | 1595 ||| RETREEEEATING.
  1599 | D:5      | 1599 ||| RETREEEEATING.
  1599 | D:5      | HP: 1/22 [black bear (6)]
  1600 | D:5      | 1600 ||| RETREEEEATING.
  1601 | D:5      | 1601 ||| RETREEEEATING.
  1602 | D:5      | 1602 ||| RETREEEEATING.
  1602 | D:5      | Mangled by a black bear

Levels and vault maps discovered:
D:1:      roadster_arrival_rocket_large, layout_loops_ring
D:2:      cheibrodos_helix_gallery, layout_loops_ring
D:3:      layout_loops_ring, portal_sewer_entry_b
D:5:      layout_basic, overflow_temple_1_default, nicolae_tso_besieged_by_evil,
          serial_shops, kennysheep_mini_moat, gammafunk_ghost_hive

Skill      XL: |  1  2  3 |
---------------+----------+-----
Dodging        | 3 4 |  4.4
Ranged Weapons | 5 |  5.0
Fighting       | |  1.5
Stealth        | |  1.5

Action                     |  1- 3 |  4- 6 || total
---------------------------+-------+-------++-------
   Fire: Shortbow          |   137 |    21 ||   158
    Use: Scroll            |     2 |     1 ||     3
 Armour: Robe              |    19 |     5 ||    24
  Dodge: Dodged            |    77 |    12 ||    89

Table legend:
 A = Non-vault XP
 B = Vault XP
 C = Vault XP percentage of total XP
 D = Non-vault monster count
 E = Vault monster count
 F = Vault count percentage of total count
                 A         B        C        D         E       F
            +---------+---------+-------+---------+---------+-------
      Total |      86 |      19 |  18.1 |      44 |       6 |  12.0
            +---------+---------+-------+---------+---------+-------
        D:1 |      53 |       0 |   0.0 |      26 |       0 |   0.0
        D:2 |      33 |      15 |  31.2 |      18 |       2 |  10.0
        D:5 |       0 |       4 | 100.0 |       0 |       4 | 100.0
            +---------+---------+-------+---------+---------+-------
